 Dungeon Crawl Stone Soup version 0.24-a0-521-g122614bf49 (webtiles) character file.

Game seed: 6596562731769643169

58 Carillon the Sneak (level 3, -2/19 HPs)
             Began as a Vampire Enchanter on July 30, 2019.
             Slain by a bullfrog skeleton (4 damage)
             ... on level 2 of the Dungeon.
             The game lasted 00:06:10 (1943 turns).

Carillon the Sneak (Vampire Enchanter)              Turns: 1943, Time: 00:06:11

Health: -2/19      AC:  3    Str:  8    XL:     3   Next: 76%
Magic:  0/6        EV: 12    Int: 17    God:
Gold:   69         SH:  0    Dex: 14    Spells: 0/6 levels left

rFire    . . .     SeeInvis +   a - +1 dagger
rCold    + + .     Gourm    .   (no shield)
rNeg     + + +     Faith    .   b - +0 robe
rPois    ∞         Spirit   .   m - +1 hat
rElec    .         Reflect  .   (no cloak)
rCorr    .         Harm     .   (no gloves)
MR       .....                  (no boots)
Stlth    +++++.....             (no amulet)
HPRegen  0.00/turn              (no ring)
MPRegen  0.10/turn              (no ring)

@: bloodless, regenerating quickly
A: no food, fangs 3, see invisible, unbreathing
a: Bat Form, Revivify


You were on level 2 of the Dungeon.
You were bloodless.

You visited 1 branch of the dungeon, and saw 2 of its levels.

You collected 69 gold pieces.

Inventory:

Hand Weapons
 a - a +1 dagger (weapon)
Armour
 b - a +0 robe (worn)
 m - a +1 hat (worn)
Jewellery
 j - a cursed amulet of harm {unknown}
 l - an uncursed ring of protection from magic {unknown}
Scrolls
 c - a scroll of blinking {unknown}
 d - a scroll of teleportation {unknown}
 e - a scroll of remove curse {unknown}
 f - a scroll of enchant weapon {unknown}
 g - a scroll of random uselessness {unknown}
 h - 3 scrolls of amnesia {unknown}
 i - a scroll of magic mapping {unknown}
 n - a scroll of enchant armour {unknown}
Potions
 k - a potion of lignification {unknown}


   Skills:
 * Level 3.2 Short Blades
 - Level 2.1 Dodging
 + Level 5.3 Stealth
 - Level 2.0 Spellcasting
 - Level 4.4 Hexes
 - Level 1.0 Ice Magic


You couldn't memorise any spells.
You knew the following spells:

 Your Spells              Type           Power        Failure   Level  Hunger
a - Corona                Hex            ###....      3%          1    N/A
b - Ensorcelled Hibernat  Hex/Ice        ##....       10%         2    N/A
c - Confuse               Hex            ###.....     10%         3    N/A

Your spell library contained the following spells:

 Spells                   Type           Power        Failure   Level  Hunger
 Confusing Touch          Hex            ###...       3%          1    N/A
 Tukima's Dance           Hex            ###.....     10%         3    N/A
 Dazzling Spray           Conj/Hex       #.....       24%         3    N/A
 Gell's Gravitas          Tloc           #.........   50%         3    N/A
 Metabolic Englaciation   Hex/Ice        ##........   87%         5    N/A
 Petrify                  Tmut/Erth      #.......     88%         4    N/A
 Yara's Violent Unravell  Hex/Tmut       #.........   91%         5    N/A

Dungeon Overview and Level Annotations

Branches:
Dungeon (2/15)

Altars:


Innate Abilities, Weirdness & Mutations

You do not eat.
You do not regenerate when monsters are visible.
You are frail without blood (-20% HP).
You are immune to poison.
You have razor-sharp teeth.
You have supernaturally acute eyesight. (SInv)
You can survive without breathing.


Message History

You are too injured to fight recklessly!
You are too injured to fight recklessly!
You are too injured to fight recklessly!
Casting: Ensorcelled Hibernation (safe; 10% risk of failure)
Confirm with . or Enter, or press ? or * to list all spells.
Aiming: Confuse (safe; 10% risk of failure)
Press: ? - help, Shift-Dir - straight line, f - bullfrog skeleton
Aim: a bullfrog skeleton (moderately damaged, chance to defeat MR: 60%)
The bullfrog skeleton resists with significant effort.
The bullfrog skeleton hits you.
* * * LOW HITPOINT WARNING * * *
Casting: Confuse (safe; 10% risk of failure)
Confirm with . or Enter, or press ? or * to list all spells.
Aiming: Confuse (safe; 10% risk of failure)
Press: ? - help, Shift-Dir - straight line, f/p - bullfrog skeleton
Aim: a bullfrog skeleton (moderately damaged, chance to defeat MR: 60%)
The bullfrog skeleton appears confused.
The bullfrog skeleton hits you.
* * * LOW HITPOINT WARNING * * *
The bullfrog skeleton hits you.
You die...

#..........#
#####..........#
#..............#
#.............[###
#.....####........
#..... #..##.###
#....g #.......#
#....Z####.#...#.#
#@>...#....<#
#.######..### #.#
.>.. #.# ##### #..
###


You could see a hobgoblin and a bullfrog skeleton (confused).

Vanquished Creatures
  An adder (D:2)
  6 dart slugs
  2 goblins
  7 hobgoblins
  A quokka (D:2)
  6 bats
  5 frilled lizards (D:1)
  6 kobolds
  7 rats
41 creatures vanquished.

Notes
Turn   | Place    | Note
-------+----------+-------------------------------------------
     0 | D:1      | Carillon the Vampire Enchanter began the quest for the Orb.
     0 | D:1      | Reached XP level 1. HP: 13/13 MP: 3/3
   192 | D:1      | Reached XP level 2. HP: 15/15 MP: 5/5
   196 | D:1      | Learned a level 2 spell: Ensorcelled Hibernation
   898 | D:1      | Reached skill level 5 in Stealth
   898 | D:1      | Reached skill level 1 in Ice Magic
  1107 | D:1      | Reached XP level 3. HP: 19/19 MP: 6/6
  1112 | D:1      | Learned a level 3 spell: Confuse
  1943 | D:2      | Slain by a bullfrog skeleton

Levels and vault maps discovered:
D:1:      lightli_arrival_statuegarden, layout_basic
D:2:      layout_basic, first_ration

Skill      XL: |  1  2  3 |
---------------+----------+-----
Short Blades   | 2 3 |  3.2
Stealth        | 5 |  5.3
Ice Magic      | 1 |  1.0
Dodging        | |  2.1
Spellcasting   | |  2.0
Hexes          | |  4.4

Action                   || total
-------------------------++-------
Melee: Dagger            ||   108
       Bite              ||     6
 Cast: Ensorcelled Hiber ||     3
       Confuse           ||     2
 Abil: Exsanguinate      ||     1
 Stab: Sleeping          ||    22
       Distracted        ||     1
Armor: Robe              ||    11
Dodge: Dodged            ||    57

Table legend:
 A = Non-vault XP
 B = Vault XP
 C = Vault XP percentage of total XP
 D = Non-vault monster count
 E = Vault monster count
 F = Vault count percentage of total count
                 A         B        C        D         E       F
            +---------+---------+-------+---------+---------+-------
      Total |      84 |       0 |   0.0 |      41 |       0 |   0.0
            +---------+---------+-------+---------+---------+-------
        D:1 |      50 |       0 |   0.0 |      27 |       0 |   0.0
        D:2 |      34 |       0 |   0.0 |      14 |       0 |   0.0
            +---------+---------+-------+---------+---------+-------
